Unix NetHack Version 5.0.0-0 post-release - last build May  4 2026 22:22:43 (774f63e81ad911689b3a0859ea89b322d5daca8d,branch:main).

Game began 2026-05-05 04:02:13, ended 2026-05-05 05:19:18.

BeardyHaddock, chaotic female elven Wizard

                                                          .  ..# .. #...
                                                        #.#.# ..#..#...
                           B                            #.....#.......#
                                                     #.  #............  . #B..
                                                #......... #.........# B......
                       @ @                      #............B.B........  #.i
                 @         @ s                           #....ii.^..# f.....W@
                 @                              ...........   ##.......#    W
                                @                  #   #      #..............
                                                             ....#............
                                                            #.... ............
                                                            .#... #.....#..# .
                                                             ....  ......  ..
                  @        @    @                           ....   }.......
                                                           #....;  }}}......
                                                           ...}}   }}}}}}....
                                                          .....#   }}}};......
                                                         ......     };}}#.....
                                                         #.....     }}... ....
                                                         .....      #.... .#.#
BeardyHaddock the Thaumaturge  St:13 Dx:12 Co:15 In:20 Wi:14 Ch:9  Chaotic
Home 1 $:3823 HP:0(50) Pw:6(95) AC:3  Xp:7 T:8687  Blind

Latest messages:
 The Nazgul hits!
 In what direction? 4
 The spell misses the Nazgul.
 The spell misses the raven.
 The Nazgul hits!
 The imp hits!
 "I've met smarter (and prettier) acid blobs."
 The wraith touches you!
 In what direction? 4
 The spell misses the Nazgul.
 The spell misses the raven.
 The Nazgul hits!
 You avoid harm.
 The imp hits!
 The wraith touches you!
 In what direction? 4
 The spell hits the Nazgul!
 You hear some noises in the distance.
 The Nazgul hits!
 The imp misses!
 Are you sure you want to pray? [yn] (n) y
 You begin praying to Anhur.
 The Nazgul starts to attack you, but pulls back.
 The imp starts to attack you, but pulls back.
 "Doth pain excite thee?  Wouldst thou prefer the whip?"
 The Nazgul starts to attack you, but pulls back.
 The imp starts to attack you, but pulls back.
 The wraith starts to attack you, but pulls back.
 The Nazgul starts to attack you, but pulls back.
 The imp starts to attack you, but pulls back.
 The wraith starts to attack you, but pulls back.
 You finish your prayer.
 You feel that Anhur is well-pleased.
 What do you want to write with? [- acehntvAFU or ?*] -
 You write in the dust with your fingertip.
 What do you want to write in the dust here? Elbereth
 The Nazgul hits!
 Goodbye level 8.
 The imp hits!
 The wraith touches you!
 In what direction? 4
 The spell hits the Nazgul!
 The Nazgul hits!
 The imp hits!
 You die...
 Do you want your possessions identified? [ynq] (y) y
 Do you want to see your attributes? [ynq] (y) y
 Do you want an account of creatures vanquished? [ynaq] (y) n
 Do you want to see your conduct and achievements? [ynq] (y) n
 Do you want to see the dungeon overview? [ynq] (y) n

Inventory:
 Coins    ('$')
  $ - 3823 gold pieces
 Amulets  ('"')
  B - an uncursed amulet of ESP (being worn)
 Weapons  (')')
  a - a blessed +3 quarterstaff (weapon in hands)
 Armor    ('[')
  Y - an uncursed burnt +0 pair of high boots (being worn)
  q - an uncursed +0 alchemy smock with text "Rat: The other white meat"
  b - an uncursed +2 cloak of magic resistance (being worn)
  N - an uncursed +0 studded leather armor (being worn)
 Scrolls  ('?')
  j - an uncursed scroll of charging
  W - an uncursed scroll of confuse monster
  D - an uncursed scroll of gold detection
  i - a blessed scroll of light
  r - a cursed scroll of remove curse
  x - an uncursed scroll of stinking cloud
  k - an uncursed scroll of teleportation
 Rings    ('=')
  e - an uncursed ring of poison resistance
  v - an uncursed ring of polymorph control
  A - an uncursed ring of teleport control (on right hand)
 Wands    ('/')
  c - a wand of create monster (0:14)
  U - a wand of locking (0:8)
  t - a wand of slow monster (0:5)
  h - a wand of striking (0:2)
  F - a wand of teleportation (0:4)
 Tools    ('(')
  S - an empty uncursed bag of holding
  o - an uncursed blindfold
  n - a magic marker (0:7)
  z - an uncursed oil lamp (lit)
  l - a +0 pick-axe (alternate weapon; not wielded)

BeardyHaddock the Wizard's attributes:

Background:
 You were a Thaumaturge, a level 7 female elven Wizard.
 You were chaotic, on a mission for Anhur
 who was opposed by Ptah (lawful) and Thoth (neutral).
 You were right-handed.
 You were in the Quest, on level 1.
 You entered the dungeon 8687 turns ago.
 It was nighttime.
 You had 1279 experience points, 1 more was needed to attain level 8.

Basics:
 You had 0 out of 50 hit points.
 You had 6 out of 95 energy points (spell power).
 Your armor class was 3.
 Your wallet contained 3823 zorkmids.
 Autopickup was off.

Final Characteristics:
 Your strength was 13 (limit:18).
 Your dexterity was 12 (limit:18).
 Your constitution was 15 (limit:16).
 Your intelligence was 20 (limit:20).
 Your wisdom was 14 (limit:20).
 Your charisma was 9 (limit:18).

Final Status:
 You were temporarily blind.
 You weren't hungry.
 You were unencumbered.
 You were wielding a quarterstaff.
 You had basic skill with quarterstaff and could have enhanced that.

Final Attributes:
 You were piously aligned.
 You were magic-protected.
 You were sleep resistant.
 You were telepathic.
 You had infravision.
 You had teleport control.
 You were warded.
 You are dead.

Miscellaneous:
 You didn't encounter any bones levels.
 Total elapsed playing time was 1 hour, 17 minutes and 3 seconds.

Major events:
 Turn
    1: BeardyHaddock the chaotic female elven Wizard entered the dungeon
  813: entered the Gnomish Mines
  873: attained the rank of Conjurer (level 3)
 2938: attained the rank of Thaumaturge (level 6)
 8662: entered Home 1, the Quest
 8687: killed by an imp

Spells:
 Name                 Level Category     Fail Retention
 force bolt             1   attack         0%   56%-60%
 identify               3   divination     0%   51%-60%
 cause fear             3   enchantment    0%   61%-70%
 teleport away          6   escape        98%   51%-75%
 dig                    5   matter        98%   51%-75%
 detect treasure        4   divination    37%   71%-80%
 extra healing          3   healing       54%  76%-100%
 slow monster           2   enchantment    0%   71%-80%
 confuse monster        1   enchantment    0%   71%-80%
 chain lightning        2   attack         0%   86%-90%

Skills:
 Fighting Skills
   bare handed combat [Unskilled]
   riding             [Unskilled]
 Weapon Skills
   dagger             [Unskilled]
   knife              [Unskilled]
   axe                [Unskilled]
   short sword        [Unskilled]
   club               [Unskilled]
   mace               [Unskilled]
   quarterstaff       [Basic]
   polearms           [Unskilled]
   spear              [Unskilled]
   trident            [Unskilled]
   sling              [Unskilled]
   dart               [Unskilled]
   shuriken           [Unskilled]
 Spellcasting Skills
   attack spells      [Skilled]
   healing spells     [Unskilled]
   divination spells  [Basic]
   enchantment spells [Basic]
   clerical spells    [Unskilled]
   escape spells      [Unskilled]
   matter spells      [Unskilled]

Voluntary challenges:
 Character rerolling was not enabled.
 You never genocided any monsters.
 You never polymorphed an object.
 You used no wishes.
Achievements:
 You entered the Gnomish Mines.
 You attained the rank of Conjurer.
 You entered a shop.
 You attained the rank of Thaumaturge.

 The Dungeons of Doom: levels 1 to 12
    Level 1:
       Many altars.
    Level 2:
       Stairs down to The Gnomish Mines.
    Level 3:
       A general store, a fountain.
    Level 4:
    Level 5:
       Some fountains, a sink, a grave.
    Level 6:
       Many fountains.
       Oracle of Delphi.
    Level 7:
       A scroll shop, a fountain.
    Level 8:
       A general store, an altar to Anhur.
    Level 9:
       A general store, a fountain.
    Level 10:
       A sink.
    Level 11:
    Level 12:
       A fountain.
       Summoned by Neferet the Green.
       Portal to The Quest.
 The Gnomish Mines:
    Level 3:
 The Quest:
    Level 1: <- You were here.
       Home.
       Final resting place for
          you, killed by an imp.


Vanquished creatures:
  5 wargs
  a winter wolf
  2 small mimics
  a xan
  a quantum mechanic
  a pyrolisk
  a large dog
  a flaming sphere
  a gargoyle
  2 tengu
  a pit viper
  a crocodile
  2 giant beetles
  a leprechaun
 an iron piercer
  a giant spider
  a gnome ruler
  2 rust monsters
 an owlbear
  2 lizards
  a housecat
  2 dwarf leaders
  3 dust vortices
  2 ravens
  a gnome mummy
  a human zombie
 an imp
  a wood nymph
  a water nymph
 11 Uruk-hai
  2 rock piercers
  2 ponies
  9 fog clouds
  a shrieker
  3 gnome leaders
  a gray ooze
  2 elf zombies
  a ghoul
  2 giant ants
  3 floating eyes
  2 dwarves
  8 hill orcs
  5 rothes
  2 giant bats
  2 monkeys
  7 orc zombies
  4 dwarf zombies
  3 wererats
  a werejackal
  5 iguanas
  a killer bee
  2 acid blobs
  2 hobbits
  2 hobgoblins
  2 giant rats
  3 cave spiders
  a yellow mold
  2 green molds
  a gnome
  2 gnome zombies
  6 geckos
  2 jackals
  a fox
  3 goblins
  a sewer rat
  6 grid bugs
  a bat
  3 lichens
  2 kobold zombies
  4 newts
165 creatures vanquished.

No species were genocided or became extinct.

Game over:
                       ----------
                      /          \
                     /    REST    \
                    /      IN      \
                   /     PEACE      \
                  /                  \
                  |  BeardyHaddock   |
                  |     3823 Au      |
                  | killed by an imp |
                  |                  |
                  |                  |
                  |                  |
                  |       2026       |
                 *|     *  *  *      | *
        _________)/\\_//(\/(/\)/\//\/|_)_______

Goodbye BeardyHaddock the Wizard...

You died in The Quest on dungeon level 1 with 12771 points,
and 3823 pieces of gold, after 8687 moves.
You were level 7 with a maximum of 50 hit points when you died.

